 Dungeon Crawl Stone Soup version 0.30-a0-748-ge6a52f7cba (webtiles) character file.

Game seed: 4250643293222620791

57 sircluck the Shooter (level 3, -1/18 HPs)
             Began as a Spriggan Hunter on Feb 8, 2023.
             Slain by a gnoll
             ... wielding a +0 flail
              (5 damage)
             ... on level 2 of the Dungeon.
             The game lasted 00:02:38 (1293 turns).

sircluck the Shooter (Spriggan Hunter)              Turns: 1293, Time: 00:02:39

Health: -1/18      AC:  2    Str:  7    XL:     3   Next: 73%
Magic:  4/4        EV: 18    Int: 10    God:
Gold:   112        SH:  0    Dex: 20    Spells: 2/2 levels left

rFire   . . .      SeeInvis +    a - +0 shortbow
rCold   . . .      Faith    .    (shield currently unavailable)
rNeg    . . .      Spirit   .    c - +0 robe
rPois   .          Reflect  .    (helmet restricted)
rElec   .          Harm     .    (no cloak)
rCorr   .          Rampage  .    (gloves unavailable)
Will    .....                    (boots unavailable)
Stlth   ++                       (no amulet)
HPRegen 0.23/turn                (no ring)
MPRegen 0.09/turn                (no ring)

@: very quick
A: very small, no large weapons, unfitting armour, see invisible, speed 3
a: no special abilities


You were on level 2 of the Dungeon.
You visited 1 branch of the dungeon, and saw 2 of its levels.

You collected 112 gold pieces.

Inventory:

Hand Weapons
 a - a +0 shortbow (weapon)
 n - a +2 dagger of electrocution
Missiles
 d - 5 silver boomerangs
 k - 5 poisoned darts
Armour
 c - a +0 robe (worn)
Wands
 i - a wand of flame (18)
Scrolls
 b - a scroll of immolation
 e - 3 scrolls of teleportation {unknown}
 l - a scroll of magic mapping {unknown}
 m - a scroll of fear {unknown}
 p - a scroll of vulnerability {unknown}
 q - a scroll of brand weapon {unknown}
Potions
 f - a potion of lignification {unknown}
 g - a potion of degeneration {unknown}
 h - a potion of attraction {unknown}
 j - a potion of experience {unknown}
 o - 2 potions of ambrosia {unknown}


   Skills:
 + Level 1.8 Fighting
 + Level 5.3 Ranged Weapons
 + Level 2.8 Dodging
 + Level 1.5 Stealth


You had 2 spell levels left.
You didn't know any spells.
Your spell library was empty.

Dungeon Overview and Level Annotations

Branches:
Dungeon (2/15)

Altars:


Innate Abilities, Weirdness & Mutations

You are very small and have problems with some larger weapons.
You are too small for most types of armour.
You have supernaturally acute eyesight. (SInv)
You cover ground extremely quickly. (Speed+++)


Message History

You shoot an arrow. The arrow barely misses the gnoll.
The arrow hits the gnoll.
The gnoll is lightly wounded.
You shoot an arrow. The arrow hits the gnoll.
You kill the gnoll!
You shoot an arrow. The arrow barely misses the gnoll. x2
You shoot an arrow.
The arrow hits the gnoll but does no damage.
You shoot an arrow. The arrow hits the gnoll.
The gnoll is lightly wounded.
The gnoll misses you. The gnoll barely misses you.
There is a stone staircase leading up here.
You shoot an arrow.
The arrow hits the gnoll but does no damage.
The gnoll is lightly wounded.
You shoot an arrow. The arrow barely misses the gnoll.
The arrow closely misses the gnoll.
You shoot an arrow. The arrow barely misses the gnoll.
The arrow hits the gnoll.
The gnoll is severely wounded.
The gnoll hits you from afar with a +0 halberd.
You shoot an arrow.
The arrow hits the gnoll but does no damage.
The gnoll is lightly wounded.
The gnoll misses you. x2
You shoot an arrow. The arrow hits the gnoll!
The gnoll is severely wounded.
The gnoll closely misses you.
The gnoll hits you from afar with a +0 halberd!
Ouch! That really hurt!
* * * LOW HITPOINT WARNING * * *
You are too injured to fight recklessly!
You are too injured to fight recklessly!
You are too injured to fight recklessly!
You are too injured to fight recklessly!
You are too injured to fight recklessly!
You are too injured to fight recklessly!
You shoot an arrow. The arrow closely misses the gnoll.
The gnoll hits you with a +0 flail.
You die...

###.#.# #.#'#.######
..#.#.# #.#.#.### ......#
#.#.#...###
).....######.#.......#
.................>.#.#
..#...##.#.#......##.#
..#.#.##.#.###.#g..#.#
..#.#.##.#.........#.#
.##.#.........#.@g.#.#
.##...##......#....#.#####
.#######......###..#...).#
.# #.#.........#####.#
.#########...###...# #.#
.'.......#.....#...#####.#
.#######.#..##.......#...#
.#...# #.#######..##.#.###
.#.#.###'##### #..##.#.#


You could see 2 gnolls.

Vanquished Creatures
  A gnoll (D:2)
  3 worms (D:2)
  A dart slug (D:1)
  2 endoplasms
  A giant cockroach (D:2)
  3 hobgoblins
  2 jackals (D:2)
  3 quokkas
  2 ball pythons
  4 bats
  2 frilled lizards (D:1)
  5 goblins
  4 kobolds (D:2)
  4 rats
37 creatures vanquished.

Notes
Turn   | Place    | Note
-------+----------+-------------------------------------------
     0 | D:1      | sircluck the Spriggan Hunter began the quest for the Orb.
     0 | D:1      | Reached XP level 1. HP: 10/10 MP: 2/2
   352 | D:1      | Reached XP level 2. HP: 14/14 MP: 3/3
   946 | D:2      | Reached XP level 3. HP: 18/18 MP: 4/4
  1016 | D:2      | Reached skill level 5 in Ranged Weapons
  1293 | D:2      | Slain by a gnoll

Illustrated notes

Levels and vault maps discovered:
D:1:      dpeg_arrival_tiny_h, layout_basic, roderic_roman_lattice,
          nrook_mini_vaults, minmay_pentomino_q2
D:2:      layout_basic

Skill      XL: |  1  2  3 |
---------------+----------+-----
Ranged Weapons | 5 |  5.3
Fighting       | |  1.8
Dodging        | |  2.8
Stealth        | |  1.5

Action                     || total
---------------------------++-------
   Fire: Shortbow          ||   108
 Armour: Robe              ||     4
  Dodge: Dodged            ||    38

Table legend: (Time is in decaauts)
 A = Elapsed time spent in this place.
 B = Non-inter-level travel time spent in this place.
 C = Inter-level travel time spent in this place.
 D = Time resting spent in this place.
 E = Time spent auto-exploring this place.
 F = Levels seen in this place.
 G = Mean time per level.
                   A        B        C        D        E       F      G
               +--------+--------+--------+--------+--------+-----+--------+
         Total |    879 |    743 |    136 |      0 |    474 |   2 |  439.5 |
       Dungeon |    879 |    743 |    136 |      0 |    474 |   2 |  439.5 |
               +--------+--------+--------+--------+--------+-----+--------+

Top non-repeatable levels by time:
     D:1: 588 daAuts
     D:2: 291 daAuts
